 Dungeon Crawl Stone Soup version 0.21.1-1-g345015f (webtiles) character file.

25662 Fang the Cleaver (level 13, -2/126 HPs)
             Began as a Gargoyle Berserker on May 17, 2018.
             Was a High Priest of Trog.
             Slain by a 16-headed hydra (3 damage)
             ... on level 4 of the Lair of Beasts.
             The game lasted 00:25:50 (17021 turns).

Fang the Cleaver (Gargoyle Berserker)              Turns: 17021, Time: 00:25:51

Health: -2/126     AC: 21    Str: 30    XL:     13   Next: 21%
Magic:  0/13       EV: 18    Int:  9    God:    Trog [*****.]
Gold:   681        SH:  0    Dex:  9    Spells: 12/12 levels left

rFire    . . .     SeeInvis .   a - +2 hand axe
rCold    . . .     Gourm    .   (no shield)
rNeg     + . .     Faith    .   M - +3 robe of Clouds {+Fly rElec}
rPois    ∞         Spirit   +   b - +1 hat
rElec    +         Reflect  .   r - +1 cloak {+Inv}
rCorr    .         Harm     .   A - +1 pair of gloves
MR       .....                  (no boots)
Stlth    ..........             F - amulet of guardian spirit
HPRegen  0.31/turn              v - +3 ring of slaying
MPRegen  0.13/turn              w - +4 ring of evasion

@: berserking, very quick
A: negative energy resistance 1, electricity resistance, unbreathing,
petrification resistance, rot immunity, AC +9
a: Berserk, Trog's Hand, Brothers in Arms, Burn Spellbooks, Renounce Religion,
Evoke Invisibility, Evoke Flight


You were on level 4 of the Lair of Beasts.
You worshipped Trog.
Trog was extremely pleased with you.
You were hungry.

You visited 3 branches of the dungeon, and saw 16 of its levels.
You also visited: Sewer.

You collected 1099 gold pieces.
You spent 418 gold pieces at shops.

Inventory:

Hand Weapons
 a - a +2 hand axe (weapon)
 N - a +3 great sword of draining
Armour
 b - a +1 hat (worn)
 r - a +1 cloak of invisibility (worn)
 A - a +1 pair of gloves (worn)
 M - the +3 robe of Clouds (worn) {+Fly rElec}
   (You found it on level 1 of the Lair of Beasts)

   It insulates you from electricity.
   It lets you fly.
Jewellery
 p - an uncursed ring of fire
 v - a +3 ring of slaying (left hand)
 w - a +4 ring of evasion (right hand)
 B - a cursed -5 ring of evasion
 F - an amulet of guardian spirit (around neck)
Wands
 n - a wand of flame (83)
 o - a wand of enslavement (16)
 q - a wand of disintegration (18)
 t - a wand of digging (11)
 u - a wand of random effects (7)
 y - a wand of scattershot (6)
 D - a wand of iceblast (5)
 G - a wand of paralysis (41)
 J - a wand of polymorph (12)
Scrolls
 e - 2 scrolls of magic mapping
 f - 13 scrolls of remove curse
 g - 5 scrolls of fear
 i - 5 scrolls of teleportation
 H - 8 scrolls of identify
 K - 2 scrolls of blinking
 O - a scroll of fog
Potions
 d - 3 potions of might
 h - 4 potions of curing
 j - a potion of resistance
 k - a potion of ambrosia
 l - a potion of brilliance
 s - 2 potions of invisibility
 x - 5 potions of flight
 z - a potion of berserk rage
 C - 3 potions of heal wounds
 I - 2 potions of haste
 L - 2 potions of cancellation
Books
 m - a book of Power

   Spells                             Type                      Level
   a - Iskenderun's Battlesphere      Conjuration/Charms           5
   b - Venom Bolt                     Conjuration/Poison           5
   c - Bolt of Magma                  Conjuration/Fire/Earth       5
   d - Iron Shot                      Conjuration/Earth            6
   e - Orb of Destruction             Conjuration                  7
   f - Spellforged Servitor           Conjuration/Summoning        7
   Trog disapproves of the use of such an item.
Comestibles
 c - 29 rations
 E - a chunk of flesh


   Skills:
 + Level 11.5 Fighting
 + Level 2.2 Long Blades
 + Level 12.6 Axes
   Level 5.7 Staves
 + Level 10.7 Armour
 + Level 6.1 Dodging
 + Level 4.5 Stealth


You had 12 spell levels left.
You didn't know any spells.

Dungeon Overview and Level Annotations

Branches:
Dungeon (11/15)            Temple (0/1) D:7            Lair (4/6) D:10
 Shoals (1/4) Lair:2        Snake (0/4) Lair:2          Orc (0/2) D:9

Altars:
Ashenzari
Cheibriados
Dithmenos
Gozag
Hepliaklqana
Okawaru
Ru
Sif Muna
Trog
Uskayaw
Vehumet
Wu Jian
Yredelemnul

Shops:
D:5 [   D:7 }

Annotations:
Shoals:1 exclusion: ice statue


Innate Abilities, Weirdness & Mutations

You are resistant to torment.
Your stone body is resilient. (AC +9)
You are immune to poison.
You resist negative energy. (rN+)
You are resistant to electric shocks. (rElec)
You can survive without breathing.
You are immune to petrification.
You are immune to rotting.


Message History

You slice one of the 14-headed hydra's heads off!
The 13-headed hydra grows two more!
You slice the 15-headed hydra!!
The 15-headed hydra is severely wounded.
Unknown command.
You hack one of the 15-headed hydra's heads off!
The 14-headed hydra grows two more!
You slash the 16-headed hydra!
The 16-headed hydra is almost dead.
The 16-headed hydra bites you but does no damage.
The 16-headed hydra bites you!
* * * LOW HITPOINT WARNING * * *
The 16-headed hydra bites you.
* * * LOW HITPOINT WARNING * * *
The 16-headed hydra misses you.
The 16-headed hydra closely misses you. x2
The 16-headed hydra bites you but does no damage.
The 16-headed hydra completely misses you.
The 16-headed hydra bites you but does no damage. x2
The 16-headed hydra completely misses you.
The 16-headed hydra bites you but does no damage.
The 16-headed hydra closely misses you. The 16-headed hydra bites you.
You die...

≈≈≈≈≈≈≈≈≈≈......####≈..#*,*****
≈≈≈≈≈≈≈≈≈P...P...##..###***
≈≈≈≈≈≈≈≈≈....##........#
≈≈≈≈≈≈≈≈≈≈....#.......##
≈P≈≈P≈P≈P≈≈..#.#......#
*P≈≈PP≈≈≈≈...#...≈....#
***≈≈≈≈≈≈P≈...§..§...###*
*****≈≈≈,......§[§§.....** ,*
***,,...$.§.@.#.#...,** **
****,,##.....D######..,* *
*,,,,,*#.##.§..* *,#?,* *
**,,,*...*##...# **,,,****
*****,,,*..,**.#..#*****,*,,,* **
,*,*,,,***,,,###...,*,*,,,,,,***,
*,,,,,*,,,,,*,*....,,,,**,*,,**,,
*,,,,,,,,,,,,,,.....,,****,*,,,,*
*,,,,,,,,,,,,,,,,,,,,** *,,,,,*,


You could see a 16-headed hydra.

Vanquished Creatures
  The ghost of shit the Basher, a journeyman MiFi of Makhleb (Lair:2)
  A centaur warrior (D:8)
  6 two-headed ogres (D:10)
  A skeletal warrior (D:8)
  A cyclops (D:11)
  An elephant (Lair:2)
  A merfolk siren (Lair:2)
  2 black mambas (Lair:2)
  10 spiny frogs
  The ghost of Mdefp3 the Carver, a novice GnWn of Elyvilon (D:4)
  A torpor snail (Lair:2)
  3 komodo dragons
  2 trolls
  Grinder (D:4)
  A merfolk (D:10)
  A slime creature (D:8)
  5 hippogriffs
  Sigmund (D:3)
  5 yaks (Lair:3)
  A human (D:7)
  A basilisk (Lair:3)
  A hungry ghost (D:7)
  Grum (D:9)
  4 hogs (D:7)
  4 wyverns
  Edmund (D:4)
  Menkaure (D:6)
  2 nagas (Lair:2)
  8 porcupines
  7 water moccasins
  9 black bears
  An ice beast (D:8)
  7 orc warriors
  2 sky beasts
  3 wolves
  A necrophage (D:5)
  A phantom (D:4)
  7 centaurs
  2 ogres
  14 crocodiles
  2 big kobolds (D:10)
  17 bullfrogs
  3 gnoll sergeants
  5 scorpions
  3 killer bees (D:9)
  3 howler monkeys
  14 electric eels
  2 centaur zombies
  2 jellies
  2 bullfrog zombies
  4 orc wizards
  Crazy Yiuf (D:2)
  A centaur skeleton (D:4)
  2 gnoll shamans (D:10)
  4 orc priests
  6 hounds
  2 bullfrog skeletons
  2 iguanas (D:8)
  10 worker ants
  A killer bee zombie (D:8)
  A hound zombie (D:7)
  The ghost of swampthing the Conjurer, a weakling DECj (D:3)
  A hound skeleton (D:4)
  18 adders
  4 gnolls (D:4)
  2 river rats (D:6)
  4 shadow imps
  2 adder skeletons
  2 adder zombies
  6 worms
  5 leopard geckos
  19 orcs
  2 ball pythons
  3 giant cockroaches (D:2)
  4 goblins
  6 hobgoblins
  4 quokkas
  10 bats
  3 frilled lizards
  4 kobolds
  A leopard gecko zombie (D:8)
  A quokka skeleton (D:8)
  7 rats
  A spectral orc (D:2)
  3 plants
323 creatures vanquished.

Notes
Turn   | Place    | Note
-------+----------+-------------------------------------------
     0 | D:1      | Fang the Gargoyle Berserker began the quest for the Orb.
     0 | D:1      | Reached XP level 1. HP: 14/14 MP: 1/1
   366 | D:1      | Reached skill level 3 in Axes
   366 | D:1      | Reached XP level 2. HP: 19/19 MP: 2/2
   590 | D:2      | Reached XP level 3. HP: 21/24 MP: 3/3
   597 | D:2      | Reached ** piety under Trog
  1189 | D:2      | Reached XP level 4. HP: 24/29 MP: 4/4
  1451 | D:2      | Found a runed door.
  1601 | D:2      | Found a basalt altar of Yredelemnul.
  1653 | D:2      | Noticed Crazy Yiuf
  1662 | D:2      | Killed Crazy Yiuf
  1662 | D:2      | Reached skill level 4 in Axes
  1732 | D:3      | Reached XP level 5. HP: 5/33 MP: 5/5
  1739 | D:3      | Reached skill level 1 in Stealth
  1743 | D:3      | HP: 1/34 [bat (1)]
  2311 | D:3      | Reached skill level 1 in Staves
  2454 | D:3      | Noticed Sigmund
  2599 | D:4      | Noticed Edmund
  2609 | D:4      | Killed Edmund
  2609 | D:4      | Reached XP level 6. HP: 39/39 MP: 6/6
  2663 | D:3      | Noticed swampthing's ghost (weakling DECj)
  2678 | D:3      | Killed swampthing's ghost
  2756 | D:3      | Killed Sigmund
  2756 | D:3      | Reached XP level 7. HP: 44/44 MP: 7/7
  3260 | D:4      | Noticed Grinder
  3269 | D:4      | Noticed Mdefp3's ghost (novice GnWn)
  3269 | D:4      | Paralysed by Grinder for 5 turns
  3276 | D:4      | Killed Grinder
  3276 | D:4      | Reached skill level 5 in Fighting
  3288 | D:4      | Killed Mdefp3's ghost
  3288 | D:4      | Reached skill level 5 in Staves
  3288 | D:4      | Reached XP level 8. HP: 24/49 MP: 8/8
  3547 | D:4      | Reached *** piety under Trog
  3581 | D:4      | Found a hazy altar of Hepliaklqana.
  3676 | D:4      | Found a hide-covered altar of Uskayaw.
  4029 | D:5      | Entered Level 5 of the Dungeon
  4219 | D:5      | Reached skill level 5 in Axes
  4424 | D:5      | Found Qoetiteu's Antique Armour Shop.
  4810 | D:5      | Found a bloodstained altar of Trog.
  4810 | D:5      | Found a shattered altar of Ashenzari.
  4885 | D:5      | Reached skill level 5 in Armour
  4885 | D:5      | Reached XP level 9. HP: 53/55 MP: 9/9
  5155 | D:6      | Reached skill level 6 in Axes
  5229 | D:6      | Noticed Menkaure
  5237 | D:6      | Killed Menkaure
  5404 | D:6      | Found an opulent altar of Gozag.
  5485 | D:6      | Reached **** piety under Trog
  5547 | D:6      | Found a glowing drain.
  5574 | Sewer    | Entered a sewer
  6272 | D:5      | Bought a pair of runed gloves for 202 gold pieces
  6411 | D:7      | Found Zewnutuv's Gadget Boutique.
  6466 | D:7      | Found a shadowy altar of Dithmenos.
  6499 | D:7      | Reached skill level 7 in Axes
  6766 | D:5      | Bought a runed scarf for 216 gold pieces
  6924 | D:7      | Found a staircase to the Ecumenical Temple.
  7006 | D:7      | Reached XP level 10. HP: 64/64 MP: 10/10
  7463 | D:8      | Found a snail-covered altar of Cheibriados.
  7593 | D:8      | Noticed a centaur warrior
  7600 | D:8      | Reached skill level 8 in Axes
  7601 | D:8      | Noticed a skeletal warrior
  7835 | D:8      | Found a deep blue altar of Sif Muna.
  7881 | D:8      | Killed a skeletal warrior
  7953 | D:8      | Killed a centaur warrior
  8423 | D:8      | Reached skill level 9 in Axes
  8950 | D:9      | Noticed Grum
  8953 | D:9      | Found the +9 staff of Wucad Mu {channel}
  8962 | D:9      | Killed Grum
  9085 | D:9      | Found an ornate altar of the Wu Jian Council.
  9104 | D:9      | Reached XP level 11. HP: 57/69 MP: 9/11
  9139 | D:9      | Found a radiant altar of Vehumet.
  9258 | D:9      | Found a sacrificial altar of Ru.
  9325 | D:9      | Found an iron altar of Okawaru.
  9325 | D:9      | Found a hide-covered altar of Uskayaw.
  9471 | D:9      | Found a staircase to the Orcish Mines.
  9579 | D:10     | Entered Level 10 of the Dungeon
 10241 | D:10     | Found a bloodstained altar of Trog.
 10275 | D:10     | Found a staircase to the Lair.
 10410 | D:10     | Reached ***** piety under Trog
 10441 | D:10     | Noticed a two-headed ogre
 10447 | D:10     | Noticed a two-headed ogre
 10465 | D:10     | Killed a two-headed ogre
 10465 | D:10     | Reached skill level 10 in Axes
 10473 | D:10     | Killed a two-headed ogre
 11381 | D:10     | Noticed a two-headed ogre
 11391 | D:10     | Killed a two-headed ogre
 11477 | D:10     | Noticed a two-headed ogre
 11484 | D:10     | Killed a two-headed ogre
 11484 | D:10     | Reached skill level 10 in Armour
 11576 | D:10     | Noticed a two-headed ogre
 11586 | D:10     | Killed a two-headed ogre
 11586 | D:10     | Reached skill level 10 in Fighting
 11760 | D:10     | Reached XP level 12. HP: 73/77 MP: 10/12
 11766 | D:10     | Reached skill level 11 in Axes
 12016 | D:10     | Received a gift from Trog
 12103 | D:10     | Noticed a two-headed ogre
 12107 | D:10     | Killed a two-headed ogre
 12588 | D:11     | Reached skill level 1 in Long Blades
 12665 | Lair:1   | Entered Level 1 of the Lair of Beasts
 13358 | Lair:1   | Found the +3 robe of Clouds {+Fly rElec}
 13834 | Lair:2   | Noticed shit's ghost (journeyman MiFi)
 13855 | Lair:2   | Killed shit's ghost
 14376 | Lair:2   | Found a staircase to the Snake Pit.
 14524 | Lair:2   | Reached skill level 5 in Dodging
 14712 | Lair:2   | Reached skill level 12 in Axes
 15083 | Lair:2   | Found a staircase to the Shoals.
 15200 | Lair:2   | Reached XP level 13. HP: 82/84 MP: 11/13
 15366 | Shoals:1 | Entered Level 1 of the Shoals
 17021 | Lair:4   | HP: 5/126 [16-headed hydra (5)]
 17021 | Lair:4   | HP: 1/126 [16-headed hydra (4)]
 17021 | Lair:4   | Slain by a 16-headed hydra

Skill      XL: |  1  2  3  4  5  6  7  8  9 10 11 12 13 |
---------------+----------------------------------------+-----
Axes           | 3 4 5 7 9 10 12 | 12.6
Fighting       | 4 5 6 7 8 10 11 | 11.5
Dodging        | 2 3 4 5 6 |  6.1
Stealth        | 1 2 3 4 |  4.5
Staves         | 2 3 5 |  5.7
Armour         | 3 5 7 8 10 | 10.7
Long Blades    | 2 |  2.2

Action                   |  1- 3 |  4- 6 |  7- 9 | 10-12 | 13-15 || total
-------------------------+-------+-------+-------+-------+-------++-------
Melee: Hand axe          |    78 |    36 |   392 |   920 |   168 ||  1594
       Quarterstaff      |       |    54 |    45 |       |       ||    99
       Great sword       |       |       |       |    17 |       ||    17
Invok: Berserk           |     2 |     5 |     6 |    12 |     2 ||    27
       Burn Spellbooks   |       |       |       |     1 |       ||     1
  Use: Scroll            |       |     9 |    11 |     8 |     2 ||    30
       Potion            |       |       |       |     3 |       ||     3
 Stab: Sleeping          |       |       |       |     2 |     3 ||     5
  Eat: Ration            |     1 |     2 |     3 |     3 |     1 ||    10
       Chunk             |       |     2 |    17 |    27 |     5 ||    51
Armor: Animal skin       |    24 |    55 |       |       |       ||    79
       Chain mail        |       |    33 |   266 |   347 |       ||   646
       Robe              |       |       |       |    56 |    65 ||   121
Dodge: Dodged            |    54 |    87 |   194 |   590 |   141 ||  1066
       Rpst.: Great sword |       |       |       |     5 |       ||     5
